 Dungeon Sprint DCSS version 0.24.1-8-ga250c9d538 (webtiles) character file.

Game seed: 6670931130434249425, levelgen mode: deterministic

8600000 Hugehornet the Axe Maniac (level 27, -13/199 HPs)
             Began as a Gargoyle Fighter on May 5, 2020.
             Was the Champion of Makhleb.
             Killed from afar by a wretched soul (46 damage)
             ... with a bolt of negative energy
             ... in the Dungeon (Sprint VIII: "Arena of Blood").
             The game lasted 00:05:31 (86 turns).

Hugehornet the Axe Maniac (Gargoyle Fighter)          Turns: 86, Time: 00:05:31

Health: -13/199    AC: 33    Str: 30    XL:     27
Magic:  35/54      EV: 23    Int: 12    God:    Makhleb [******]
Gold:   0          SH:  0    Dex:  9    Spells: 80/80 levels left

rFire    . . .     SeeInvis .   l - +∞ Axe of Woe
rCold    . . .     Gourm    .   (shield currently unavailable)
rNeg     + . .     Faith    .   b - +0 scale mail
rPois    ∞         Spirit   .   (no helmet)
rElec    +         Reflect  .   (no cloak)
rCorr    .         Harm     .   (no gloves)
MR       ++...     NoTele   +   (no boots)
Stlth    +++++++...             (no amulet)
HPRegen  0.43/turn              m - +30 ring of slaying
MPRegen  0.34/turn              (no ring)

@: drained
A: big wings, negative energy resistance 1, electricity resistance, unbreathing,
petrification resistance, rot immunity, AC +20
a: Fly, Minor Destruction, Lesser Servant of Makhleb, Major Destruction, Greater
Servant of Makhleb, Renounce Religion


You were in the Dungeon.
You worshipped Makhleb.
Makhleb was exalted by your worship.
You were not hungry.

You visited 1 branch

Inventory:

Hand Weapons
 a - a +0 war axe
 l - the +∞ Axe of Woe (weapon)
   (You found it in the Dungeon)
Armour
 b - a +0 scale mail (worn)
 c - a +0 shield
Jewellery
 m - a +30 ring of slaying (left hand)
Scrolls
 k - a scroll of blinking
Potions
 d - a potion of might
 e - a potion of curing
 g - a potion of heal wounds
 h - a potion of haste
 i - 2 potions of magic
 j - a potion of berserk rage
Comestibles
 f - a ration


   Skills:
 O Level 27(25.3) Fighting
 O Level 27(25.3) Axes
 O Level 27(25.3) Throwing
 O Level 27(25.3) Armour
 O Level 27(25.3) Dodging
 O Level 27(25.3) Stealth
 O Level 27(25.3) Shields
 O Level 27(25.3) Unarmed Combat
 O Level 27(25.3) Spellcasting
 O Level 27(25.3) Invocations


You had 80 spell levels left.
You didn't know any spells.
Your spell library was empty.

Dungeon Overview and Level Annotations

Branches:
Dungeon (1/1)

Altars:
Makhleb


Innate Abilities, Weirdness & Mutations

You are resistant to torment.
Your stone body is resilient. (AC +20)
You are immune to poison.
Your large and strong wings let you fly indefinitely.
You resist negative energy. (rN+)
You are resistant to electric shocks. (rElec)
You can survive without breathing.
You are immune to petrification.
You are immune to rotting.


Message History

The eight-headed meat hydra convulses!
The bag of meat convulses!
Your body is wracked with pain!
* * * LOW HITPOINT WARNING * * *
The bag of meat convulses! x2
You hear a shout!
The eight-headed meat hydra calls on the powers of darkness!
The eight-headed meat hydra convulses!
The meat berserker convulses!
The bag of meat convulses!
Your body is wracked with pain!
* * * LOW HITPOINT WARNING * * *
The bag of meat convulses!
The eight-headed meat hydra calls on the powers of darkness!
The eight-headed meat hydra convulses!
The meat berserker convulses!
The bag of meat convulses!
The meat berserker convulses!
Your body is wracked with pain!
* * * LOW HITPOINT WARNING * * *
The bag of meat convulses!
The eight-headed meat hydra convulses!
The destroyer blinks!
A bolt of negative energy appears from out of thin air!
The bolt of negative energy hits you!!! You partially resist.
You feel drained.
You die... ...%...§§)))...... ....V..###))...... .D###O..))))###...
DW.

#..%%)))# ...
..§#%...)))#....
..o..%.O)))O......
...2.%.))).D%..#..
......§).)%.%.#...
.......@V%o.##....
..#.oM.....#.....
.o..o.%V...#...###
.##.#D..........
...............
#....#.....####
............
............


You could see an accursed, a meat beast, 3 eight-headed meat hydras, 3
destroyers, a dread, 3 meat berserkers and 5 bags of meat.

Vanquished Creatures
  3 hell beasts (D)
  2 greater mummies (D)
  A wraith (D)
  18 vampire knights (D)
  27 ogres (D)
  7 two-headed ogres (D)
  4 liches (D)
  A hydra (D)
  44 orcs (D)
  6 skeletal warriors (D)
  5 large abominations (D)
  7 small abominations (D)
  7 crawling corpses (D)
132 creatures vanquished.

Vanquished Creatures (others)
  8 crawling corpses (D)
8 creatures vanquished.

Grand Total: 140 creatures vanquished

Notes
Turn   | Place    | Note
-------+----------+-------------------------------------------
     0 | D        | Found the +∞ Axe of Woe
     0 | D        | Hugehornet the Gargoyle Fighter began the quest for the
                  | Orb.
     0 | D        | Reached XP level 1. HP: 14/14 MP: 1/1
     1 | D        | Noticed a bag of meat
     1 | D        | Noticed a bag of meat
     3 | D        | Noticed a bag of meat
     4 | D        | Noticed a meat berserker
     5 | D        | Noticed a bag of meat
     7 | D        | Noticed a bag of meat
     8 | D        | Killed a meat berserker
     8 | D        | Reached skill level 27 in Axes
     8 | D        | Reached XP level 2. HP: 20/20 MP: 2/2
     8 | D        | Reached XP level 3. HP: 24/24 MP: 3/3
     8 | D        | Reached XP level 4. HP: 30/30 MP: 4/4
     8 | D        | Reached XP level 5. HP: 34/34 MP: 5/5
     8 | D        | Reached XP level 6. HP: 39/39 MP: 6/6
     8 | D        | Reached XP level 7. HP: 44/44 MP: 7/7
     8 | D        | Reached XP level 8. HP: 48/48 MP: 8/8
     8 | D        | Reached XP level 9. HP: 52/52 MP: 9/9
     8 | D        | Reached XP level 10. HP: 58/58 MP: 10/10
     8 | D        | Reached XP level 11. HP: 62/62 MP: 11/11
     8 | D        | Reached XP level 12. HP: 67/67 MP: 12/12
     8 | D        | Reached XP level 13. HP: 72/72 MP: 13/13
     8 | D        | Noticed a bag of meat
     9 | D        | Killed a bag of meat
     9 | D        | Gained mutation: Your large and strong wings let you fly
                  | indefinitely. [Gargoyle growth]
     9 | D        | Reached XP level 14. HP: 59/86 MP: 14/14
     9 | D        | Killed a bag of meat
     9 | D        | Reached skill level 10 in Unarmed Combat
     9 | D        | Noticed a meat berserker
     9 | D        | Noticed a bag of meat
     9 | D        | Noticed a bag of meat
    10 | D        | Noticed a meat berserker
    11 | D        | Killed a bag of meat
    11 | D        | Reached skill level 10 in Dodging
    11 | D        | Reached XP level 15. HP: 69/100 MP: 15/15
    12 | D        | Reached skill level 15 in Fighting
    12 | D        | Reached skill level 15 in Armour
    12 | D        | Reached skill level 15 in Shields
    13 | D        | Noticed a meat berserker
    13 | D        | Noticed a meat berserker
    15 | D        | Killed a meat berserker
    15 | D        | Reached XP level 16. HP: 79/113 MP: 16/16
    15 | D        | Killed a meat berserker
    15 | D        | Reached skill level 15 in Dodging
    15 | D        | Reached XP level 17. HP: 85/123 MP: 17/17
    17 | D        | Reached XP level 18. HP: 94/134 MP: 18/18
    18 | D        | Killed a meat berserker
    18 | D        | Noticed a destroyer
    19 | D        | Noticed a meat berserker
    20 | D        | Became a worshipper of Makhleb the Destroyer
    21 | D        | Noticed a meat berserker
    22 | D        | Killed a meat berserker
    22 | D        | Reached XP level 19. HP: 54/147 MP: 19/19
    23 | D        | Reached * piety under Makhleb
    24 | D        | Killed a meat berserker
    24 | D        | Reached skill level 27 in Fighting
    24 | D        | Reached skill level 27 in Armour
    24 | D        | Reached skill level 27 in Shields
    24 | D        | Reached XP level 20. HP: 59/157 MP: 20/20
    24 | D        | Noticed a large bag of meat
    25 | D        | Reached ** piety under Makhleb
    25 | D        | Reached skill level 27 in Unarmed Combat
    25 | D        | Noticed a destroyer
    26 | D        | Killed a destroyer
    26 | D        | Reached skill level 27 in Dodging
    26 | D        | Reached skill level 10 in Invocations
    27 | D        | Reached skill level 10 in Throwing
    27 | D        | Reached skill level 10 in Spellcasting
    27 | D        | Reached XP level 21. HP: 163/163 MP: 20/35
    28 | D        | Killed a meat berserker
    28 | D        | Reached *** piety under Makhleb
    28 | D        | Noticed a meat berserker
    28 | D        | Noticed a large bag of meat
    29 | D        | Killed a large bag of meat
    29 | D        | Noticed a meat berserker
    29 | D        | Noticed a meat berserker
    30 | D        | Noticed a destroyer
    31 | D        | Reached XP level 22. HP: 169/169 MP: 20/43
    32 | D        | Noticed a large bag of meat
    32 | D        | Noticed a large bag of meat
    33 | D        | Killed a destroyer
    33 | D        | Reached **** piety under Makhleb
    33 | D        | Reached skill level 27 in Stealth
    33 | D        | Reached XP level 23. HP: 121/175 MP: 21/49
    33 | D        | Reached skill level 27 in Invocations
    33 | D        | Reached ***** piety under Makhleb
    33 | D        | Noticed a destroyer
    34 | D        | Reached skill level 27 in Throwing
    34 | D        | Reached skill level 27 in Spellcasting
    34 | D        | Killed a destroyer
    34 | D        | Reached XP level 24. HP: 181/181 MP: 21/54
    34 | D        | Noticed a large bag of meat
    35 | D        | Killed a large bag of meat
    36 | D        | Noticed a large bag of meat
    36 | D        | Noticed a destroyer
    36 | D        | Noticed a destroyer
    36 | D        | Noticed a large bag of meat
    38 | D        | Killed a large bag of meat
    38 | D        | Reached XP level 25. HP: 141/187 MP: 22/54
    38 | D        | Killed a large bag of meat
    38 | D        | Reached ****** piety under Makhleb
    38 | D        | Noticed a destroyer
    39 | D        | Reached XP level 26. HP: 193/193 MP: 23/54
    40 | D        | Noticed a destroyer
    41 | D        | Killed a destroyer
    41 | D        | Killed a large bag of meat
    42 | D        | Noticed a destroyer
    43 | D        | Killed a destroyer
    43 | D        | Reached XP level 27. HP: 199/199 MP: 24/54
    43 | D        | Killed a destroyer
    44 | D        | Noticed a tyrant
    45 | D        | Noticed a destroyer
    46 | D        | Noticed an accursed
    46 | D        | Noticed a destroyer
    47 | D        | Killed a large bag of meat
    47 | D        | Killed a destroyer
    47 | D        | Killed a destroyer
    47 | D        | Noticed a tyrant
    48 | D        | Killed a large bag of meat
    48 | D        | Noticed a tyrant
    48 | D        | Noticed a tyrant
    49 | D        | Noticed a destroyer
    49 | D        | Killed a destroyer
    49 | D        | Killed a destroyer
    50 | D        | Killed a tyrant
    51 | D        | Killed an accursed
    52 | D        | Noticed a destroyer
    53 | D        | Noticed a destroyer
    54 | D        | Killed a destroyer
    55 | D        | Noticed an accursed
    56 | D        | Killed a destroyer
    57 | D        | Killed a tyrant
    58 | D        | Killed a destroyer
    58 | D        | Noticed a destroyer
    61 | D        | Killed a tyrant
    63 | D        | Killed a destroyer
    64 | D        | Noticed an accursed
    64 | D        | Noticed a dread
    65 | D        | Killed a destroyer
    71 | D        | Killed a dread
    72 | D        | Noticed a meat beast
    72 | D        | Noticed a destroyer
    72 | D        | Noticed a destroyer
    73 | D        | Noticed a meat beast
    73 | D        | Killed a tyrant
    74 | D        | Killed an accursed
    75 | D        | Noticed a destroyer
    75 | D        | Noticed a destroyer
    77 | D        | Noticed a meat beast
    77 | D        | Killed a meat beast
    77 | D        | Killed a meat beast
    79 | D        | Killed a destroyer
    82 | D        | Killed a meat beast
    83 | D        | Killed a destroyer
    83 | D        | Killed a destroyer
    84 | D        | Noticed a destroyer
    85 | D        | Noticed a destroyer
    85 | D        | Noticed a dread
    85 | D        | Noticed a meat beast
    86 | D        | Killed from afar by a wretched soul

Levels and vault maps discovered:
D:        meatsprint

Skill      XL: |  1  2  3  4  5  6  7  8  9 10 11 12 13 14 15 16 17 18 19 20 21 22 23 |
---------------+----------------------------------------------------------------------+-----
Axes           | 27 | 27.0
Fighting       | 4 9 13 17 19 22 25 27 | 27.0
Armour         | 4 9 13 17 19 22 25 27 | 27.0
Dodging        | 2 6 10 13 15 17 20 23 27 | 27.0
Shields        | 4 9 13 17 19 22 25 27 | 27.0
Unarmed Combat | 2 7 12 16 18 20 23 26 27 | 27.0
Throwing       | 10 17 22 27 | 27.0
Stealth        | 13 21 27 | 27.0
Spellcasting   | 10 17 22 27 | 27.0
Invocations    | 12 20 26 27 | 27.0

Action                   |  1- 3 |  4- 6 |  7- 9 | 10-12 | 13-15 | 16-18 | 19-21 | 22-24 | 25-27 || total
-------------------------+-------+-------+-------+-------+-------+-------+-------+-------+-------++-------
Melee: Executioner's axe |     1 |       |       |       |     4 |     5 |     8 |     4 |    39 ||    61
Invok: Greater Servant o |       |       |       |       |       |       |       |       |     1 ||     1
Armor: Scale mail        |       |       |       |       |       |       |       |     2 |     9 ||    11
Dodge: Dodged            |       |       |       |       |     1 |       |     1 |       |     3 ||     5
